 Dungeon Crawl Stone Soup version 0.23.0-3-gf3c87f2 (webtiles) character file.

Game seed: 1686421912159395455

79 misha the Poker (level 4, -1/35 HPs)
             Began as a Merfolk Gladiator on Feb 22, 2019.
             Was an Initiate of Nemelex Xobeh.
             Slain by a goblin
             ... wielding a +0 dagger
             ... led by Robin
              (3 damage)
             ... on level 4 of the Dungeon.
             The game lasted 00:05:54 (2001 turns).

misha the Poker (Merfolk Gladiator)                 Turns: 2001, Time: 00:05:55

Health: -1/35      AC:  4    Str: 15    XL:     4   Next: 37%
Magic:  4/4        EV: 14    Int:  7    God:    Nemelex Xobeh [......]
Gold:   83         SH:  0    Dex: 15    Spells: 3/3 levels left

rFire    . . .     SeeInvis .   a - +0 trident
rCold    . . .     Gourm    .   (no shield)
rNeg     . . .     Faith    .   e - +0 leather armour
rPois    .         Spirit   .   c - +0 helmet
rElec    .         Reflect  .   (no cloak)
rCorr    .         Harm     .   (no gloves)
MR       .....                  (no boots)
Stlth    +.........             (no amulet)
HPRegen  0.11/turn              (no ring)
MPRegen  0.09/turn              (no ring)

@: no status effects
A: change form in water, swift swim, stealthy swim
a: Draw Escape, Draw Destruction, Draw Summoning, Renounce Religion


You were on level 4 of the Dungeon.
You worshipped Nemelex Xobeh.
Nemelex Xobeh was noncommittal.
You were not hungry.

You visited 1 branch of the dungeon, and saw 3 of its levels.

You collected 83 gold pieces.

Inventory:

Hand Weapons
 a - a +0 trident (weapon)
 b - a +2 dagger of electrocution
Missiles
 d - 3 throwing nets (quivered)
Armour
 c - a +0 helmet (worn)
 e - a +0 leather armour (worn)
Scrolls
 h - a scroll of blinking
 j - a scroll of random uselessness {unknown}
 k - a scroll of enchant armour {unknown}
 l - a scroll of identify {unknown}
 n - a scroll of amnesia {unknown}
 o - a scroll of teleportation {unknown}
Potions
 i - a potion of flight {unknown}
 m - a potion of lignification {unknown}
Comestibles
 f - a ration


   Skills:
 + Level 3.0 Fighting
 - Level 1.2 Short Blades
 + Level 5.0 Polearms
 - Level 2.2 Throwing
 * Level 0.9 Armour
 - Level 4.7 Dodging


You had 3 spell levels left.
You didn't know any spells.
Your spell library was empty.

Dungeon Overview and Level Annotations

Branches:
Dungeon (2/15)

Altars:
Cheibriados
Fedhas
Makhleb
Nemelex Xobeh
Sif Muna
Uskayaw

Annotations:
D:4 Robin


Message History

As you read the scroll labeled WITUCA REUME, it crumbles to dust.
It is a scroll of enchant weapon.
Your +1 dagger of electrocution glows red for a moment.
The goblin closely misses you.
Robin roars a battlecry!
The goblin goes into a battle-frenzy!
The goblin closely misses you. The goblin hits you but does no damage.
Blink to where?
Press: ? - help, Dir - move target cursor, f - you Are you sure you want to cancel this blink?
Blink to where?
Press: ? - help, Dir - move target cursor, f - you Are you sure you want to cancel this blink? [Y]es or [N]o only, please.
Are you sure you want to cancel this blink?
Okay, then.
As you read the scroll labeled NIASOF UXERR, it crumbles to dust.
It was a scroll of blinking.
The goblin hits you with a +0 dagger.
You die...
Your body disappears without a glow.

#.# #.# #.### ##
#... ... #.. ....
#.###..#
#.#######(..(..#
#.....ggg†.....#
#...###@##......#
# #ggg.###.##
###.##.# #
....##.# #.####.#
#g# #.# #g# #.#
#.# #.# #g# #.#


You could see Robin and 5 goblins.

Vanquished Creatures
  2 adders (D:2)
  2 oozes (D:2)
  2 worms (D:2)
  2 dart slugs
  A leopard gecko (D:1)
  2 giant cockroaches
  8 goblins
  A hobgoblin (D:2)
  4 jackals (D:1)
  A quokka (D:2)
  2 bats (D:1)
  3 frilled lizards
  8 kobolds
  4 rats
42 creatures vanquished.

Notes
Turn   | Place    | Note
-------+----------+-------------------------------------------
     0 | D:1      | misha the Merfolk Gladiator began the quest for the Orb.
     0 | D:1      | Reached XP level 1. HP: 16/16 MP: 1/1
   236 | D:1      | Reached XP level 2. HP: 22/22 MP: 2/2
   943 | D:2      | Reached XP level 3. HP: 23/28 MP: 3/3
  1256 | D:2      | Reached skill level 1 in Short Blades
  1482 | D:2      | Reached XP level 4. HP: 34/34 MP: 4/4
  1828 | D:2      | Reached skill level 5 in Polearms
  1863 | D:2      | You fall through a shaft for 2 floors!
  1863 | D:4      | Found a deep blue altar of Sif Muna.
  1863 | D:4      | Found a blossoming altar of Fedhas.
  1863 | D:4      | Found a hide-covered altar of Uskayaw.
  1863 | D:4      | Found a sparkling altar of Nemelex Xobeh.
  1864 | D:4      | Found a snail-covered altar of Cheibriados.
  1871 | D:4      | Found a burning altar of Makhleb.
  1942 | D:4      | Became a worshipper of Nemelex Xobeh the Trickster
  1960 | D:4      | Noticed Robin
  1998 | D:4      | HP: 1/35 [Robin/+0 club (4)]
  2001 | D:4      | Slain by a goblin

Skill      XL: |  1  2  3  4 |
---------------+-------------+-----
Short Blades   | 1 |  1.2
Fighting       | 3 |  3.0
Polearms       | 5 |  5.0
Throwing       | |  2.2
Armour         | |  0.9
Dodging        | |  4.7

Action                   |  1- 3 |  4- 6 || total
-------------------------+-------+-------++-------
Melee: Trident           |    20 |    39 ||    59
       Dagger            |    85 |       ||    85
  Use: Scroll            |       |     2 ||     2
 Stab: Distracted        |     1 |       ||     1
  Eat: Chunk             |     1 |       ||     1
       Ration            |       |     1 ||     1
Armor: Leather armour    |    18 |     8 ||    26
Dodge: Dodged            |    68 |    47 ||   115
